 Dungeon Crawl Stone Soup version 0.30.0-5-g1a98f26d00 (webtiles) character file.

Game seed: 4731978276007022848

26 Dordric the Shooter (level 3, -40/27 HPs)
             Began as a Formicid Hunter on May 12, 2023.
             Killed by an exploding Terence (57 damage)
             ... ignited by their inner flame
             ... on level 2 of the Dungeon.
             The game lasted 00:01:09 (968 turns).

Dordric the Shooter (Formicid Hunter)                Turns: 968, Time: 00:01:10

Health: -40/27     AC:  5    Str: 15    XL:     3   Next: 22%
Magic:  3/3        EV: 12    Int:  8    God:
Gold:   34         SH:  0    Dex: 19    Spells: 2/2 levels left

rFire   . . .        a - +0 shortbow
rCold   . . .        (no shield)
rNeg    . . .        c - +0 leather armour
rPois   .            (helmet unavailable)
rElec   .            h - +0 cloak
rCorr   .            g - +0 pair of gloves
SInv    +            (no boots)
Will    .....        (no amulet)
Stlth   ++           (no ring)
HPRegen 0.24/turn    (no ring)
MPRegen 0.08/turn

%: no passive effects
@: no status effects
A: permanent stasis, dig shafts and tunnels, antennae 3, four strong arms
a: Dig, Shaft Self


You were on level 2 of the Dungeon.
You visited 1 branch of the dungeon, and saw 2 of its levels.

You collected 34 gold pieces.

Inventory:

Hand Weapons
 a - a +0 shortbow (weapon)
Armour
 c - a +0 leather armour (worn)
 g - a +0 pair of gloves (worn)
 h - a +0 cloak (worn)
Scrolls
 b - a scroll of immolation
 d - a scroll of teleportation {unknown}
 e - a scroll of identify {unknown}
 f - 2 scrolls of amnesia {unknown}
 i - a scroll of magic mapping {unknown}
 j - a scroll of vulnerability {unknown}
 k - a scroll of poison {unknown}


   Skills:
 - Level 2.1 Fighting
 + Level 4.9 Ranged Weapons
 - Level 1.7 Dodging
 - Level 1.2 Stealth


You had 2 spell levels left.
You didn't know any spells.
Your spell library contained the following spells:

 Spells                   Type           Power      Damage    Failure   Level
 Summon Ice Beast         Ice/Summ       0%         N/A       99%         4
 Summon Mana Viper        Hex/Summ       0%         N/A       100%        5
 Monstrous Menagerie      Summ           0%         N/A       100%        7


Dungeon Overview and Level Annotations

Branches:
Dungeon (2/15)

Altars:


Innate Abilities, Weirdness & Mutations

You cannot be hasted, slowed, berserked, paralysed or teleported.
You can dig through walls and to a lower floor.
You have a pair of large antennae on your head. (SInv)
Your four strong arms can wield two-handed weapons with a shield.


Message History

Increase (S)trength, (I)ntelligence, or (D)exterity?
You feel agile. x2
You see here the +1 robe of Zealous Creativity {Rampage Will++}.
l - the +1 robe of Zealous Creativity {Rampage Will++} You drop the +1 robe of Zealous Creativity {Rampage Will++}.
You see here the +1 robe of Zealous Creativity {Rampage Will++}.
Terence the Incautious comes into view.
He is wielding a +0 mace.
Terence shouts!
Terence is nearby!
Terence is nearby!
You shoot an arrow. The arrow completely misses Terence.
You shoot an arrow. The arrow hits Terence.
Terence is lightly wounded.
As you read the scroll of immolation, it crumbles to dust.
The creatures around you are filled with an inner flame!
You shoot an arrow. The arrow closely misses Terence.
You shoot an arrow. The arrow hits Terence.
Flame seeps out of Terence.
Terence is moderately wounded.
Terence is engulfed in blazing flames.
Flame seeps out of Terence.
Terence misses you. Terence attacks as you move away!
Terence completely misses you.
Terence is engulfed in blazing flames.
Flame seeps out of Terence.
Terence attacks as you move away! Terence hits you but does no damage.
Terence attacks as you move away! Terence misses you.
Terence attacks as you move away! Terence barely misses you.
Terence says, "You're history."
Terence screams, "I'm going to kill you!"
You shoot an arrow. The arrow barely misses Terence.
Terence hits you with a +0 mace.
You shoot an arrow.
The arrow hits Terence but does no damage.
Terence is almost dead.
Terence hits you with a +0 mace. Terence closely misses you.
You shoot an arrow. The arrow barely misses Terence.
Terence hits you with a +0 mace.
You shoot an arrow. The arrow hits Terence.
Terence explodes!
The fiery explosion engulfs you!!!
Ouch! That really hurt!
You die...

#.....## #.###
.......## #.#.#######
........###.........#
........'............
........###....####.#
.......## #.#.#####.#
#.....## #......##.#
##...## ###.##.##.#
##+# #.##@##.#
#.##§##.# ###
#....§..# ## ##.##
####.#### #...##.#.##
#.# ........#.#####.#
#...##..........# ##.
##.######### # ###


There were no monsters in sight!

Vanquished Creatures
  Terence (D:2)
  An adder (D:2)
  A dart slug (D:1)
  A ball python (D:1)
  2 endoplasms (D:1)
  A hobgoblin (D:1)
  2 kobolds (D:1)
  A quokka (D:2)
  4 bats (D:1)
  3 rats
17 creatures vanquished.

Notes
Turn   | Place    | Note
-------+----------+-------------------------------------------
     0 | D:1      | Dordric the Formicid Hunter began the quest for the Orb.
     0 | D:1      | Reached XP level 1. HP: 16/16 MP: 1/1
   123 | D:1      | Found a faded altar of an unknown god.
   165 | D:1      | Reached XP level 2. HP: 22/22 MP: 2/2
   922 | D:2      | Reached XP level 3. HP: 27/27 MP: 3/3
   925 | D:2      | Identified the +1 robe of Zealous Creativity {Rampage
                  | Will++}
   946 | D:2      | Noticed Terence
   968 | D:2      | Killed Terence
   968 | D:2      | Killed by an exploding Terence... ignited by their inner
                  | flame

Illustrated notes

Levels and vault maps discovered:
D:1:      onia_arrival_pentagram, layout_basic, basic_ecumenical_altar
D:2:      layout_loops_corners, uniq_crazy_yiuf_cottage, uniq_terence

Action                     || total
---------------------------++-------
   Fire: Shortbow          ||    53
    Use: Scroll            ||     1
 Armour: Leather armour    ||     4
  Dodge: Dodged            ||    10
